 Dungeon Crawl Stone Soup version 0.22.1-2-g9c5b331383 (webtiles) character file.

4785 ZorbaTHut the Grappler (level 10, 0/153 HPs)
             Began as a Troll Berserker on Nov 15, 2018.
             Was a High Priest of Trog.
             Slain by an enormous slime creature (52 damage)
             ... on level 9 of the Dungeon.
             The game lasted 00:26:06 (7417 turns).

ZorbaTHut the Grappler (Troll Berserker)            Turns: 7417, Time: 00:26:07

Health: 0/153      AC: 11    Str: 32      XL:     10   Next: 24%
Magic:  9/9        EV: 11    Int:  4 (7)  God:    Trog [*****.]
Gold:   521        SH:  0    Dex: 10      Spells: 9/9 levels left

rFire    . . .     SeeInvis .     - Unarmed
rCold    . . .     Gourm    +   (no shield)
rNeg     . . .     Faith    .   E - +2 robe {MR+}
rPois    .         Spirit   .   (helmet restricted)
rElec    .         Reflect  .   (no cloak)
rCorr    .         Harm     +   (gloves unavailable)
MR       +....                  (boots unavailable)
Stlth    ..........             c - amulet of harm
HPRegen  0.75/turn              q - +2 ring of intelligence
MPRegen  0.11/turn              y - +4 ring of protection

@: berserking, very quick
A: large, unfitting armour, claws 3, fast metabolism 3, gourmand, regeneration
1, shaggy fur 1, tough skin 2
a: Berserk, Trog's Hand, Brothers in Arms, Renounce Religion


You were on level 9 of the Dungeon.
You worshipped Trog.
Trog was extremely pleased with you.
You were very full.

You visited 2 branches of the dungeon, and saw 10 of its levels.
You also visited: Bailey.

You collected 521 gold pieces.

Inventory:

Armour
 E - a +2 robe of magic resistance (worn)
Jewellery
 c - an amulet of harm (around neck)
 q - a +2 ring of intelligence (left claw)
 s - a +2 amulet of reflection
 y - a +4 ring of protection (right claw)
 z - a +5 ring of strength {unknown}
Wands
 p - a wand of random effects (52)
 A - a wand of polymorph (7)
 D - a wand of disintegration (17)
 G - a wand of paralysis (14)
Scrolls
 d - 4 scrolls of identify {unknown}
 e - 2 scrolls of noise {unknown}
 f - 3 scrolls of enchant armour {unknown}
 h - 4 scrolls of remove curse {unknown}
 k - 5 scrolls of teleportation {unknown}
 l - 2 scrolls of enchant weapon {unknown}
 m - 6 scrolls of random uselessness {unknown}
 n - 2 scrolls of amnesia {unknown}
 r - a scroll of fog {unknown}
 x - 3 scrolls of magic mapping {unknown}
 B - a scroll of fear {unknown}
 H - a scroll of brand weapon {unknown}
Potions
 a - a potion of brilliance {unknown}
 g - 2 potions of degeneration {unknown}
 i - 3 potions of invisibility {unknown}
 j - 2 potions of heal wounds {unknown}
 o - 3 potions of curing {unknown}
 t - a potion of lignification {unknown}
 u - a potion of resistance {unknown}
 v - a potion of agility
 w - a potion of ambrosia {unknown}
 C - 2 potions of magic {unknown}
 F - 2 potions of mutation {unknown}
Comestibles
 b - 19 rations
 I - 2 chunks of flesh


   Skills:
 + Level 7.1 Fighting
 + Level 3.6 Throwing
 + Level 4.4 Dodging
 * Level 11.5 Unarmed Combat


You had 9 spell levels left.
You didn't know any spells.
Your spell library was empty.

Dungeon Overview and Level Annotations

Branches:
Dungeon (9/15)             Temple (1/1) D:6            Lair (0/6) D:9
    Orc: D:9-12

Altars:
Ashenzari
Cheibriados
Dithmenos
Elyvilon
Fedhas
Gozag
Hepliaklqana
Makhleb
Nemelex Xobeh
Okawaru
Qazlal
Ru
Trog
Uskayaw
Vehumet
Wu Jian
Xom
Yredelemnul
Zin
The Shining One

Annotations:
D:9 1 runed door, exclusion: 4 orange crystal statues


Innate Abilities, Weirdness & Mutations

You are too large for most types of armour.
You have claws for hands.
Your metabolism is lightning-fast.
You like to eat raw meat.
Your natural rate of healing is unusually fast.
You are covered in fur. (AC +1)
You have very tough skin. (AC +2)


Message History

The enormous slime creature is heavily wounded.
You barely miss the enormous slime creature.
The enormous slime creature is heavily wounded.
You claw the enormous slime creature!
The enormous slime creature is heavily wounded.
The enormous slime creature hits you but does no damage.
You barely miss the enormous slime creature.
The enormous slime creature is heavily wounded.
You mangle the enormous slime creature!!
The enormous slime creature is severely wounded.
The enormous slime creature hits you!!
You mangle the enormous slime creature!!
The enormous slime creature is severely wounded.
You scratch the enormous slime creature.
The enormous slime creature is severely wounded.
The enormous slime creature barely misses you.
You barely miss the enormous slime creature.
The enormous slime creature is severely wounded.
The enormous slime creature hits you!!!
You die...

.............. ..#
.......####### #.#
)......# #.# .......# #.#
....>..# #.#######
.......# #........
.......# #.#######
.......# #J# .>.....# #@#
######.# #.#
#.#########.#######
#..................
#.#########.####### #.#
#.# #.# #.# ######.# #.#
.......#########.#########


You could see an enormous slime creature.

Vanquished Creatures
  A slime creature (D:9)
  A komodo dragon (D:9)
  A hornet (D:7)
  The ghost of highc0 the Shield-Bearer, an amateur HuWn (D:3)
  2 hippogriffs
  A spriggan (D:8)
  Eustachio (D:5)
  A water moccasin (D:8)
  An orc warrior (D:9)
  A sky beast (D:9)
  A black bear (D:7)
  An ice beast (D:7)
  A phantom (D:5)
  2 necrophages
  4 centaurs
  A crocodile (D:9)
  4 bullfrogs
  Blork the orc (D:5)
  A water moccasin zombie (D:8)
  2 scorpions
  4 killer bees (D:8)
  A howler monkey (D:5)
  A bullfrog zombie (D:3)
  2 centaur zombies
  3 crimson imps
  A hound (D:6)
  2 jellies
  3 orc priests
  6 orc wizards
  A gnoll shaman (D:4)
  Jessica (D:2)
  Terence (D:2)
  11 worker ants
  2 hound skeletons
  A mummy (D:8)
  A worker ant zombie (D:9)
  2 howler monkey skeletons
  9 gnolls
  10 adders
  An ooze (D:7)
  3 adder skeletons
  4 worms
  A dart slug (D:3)
  2 leopard geckos
  24 orcs
  8 bats
  6 giant cockroaches
  7 goblins
  8 hobgoblins
  11 jackals
  3 quokkas
  2 ball pythons
  4 frilled lizards
  5 kobolds
  A leopard gecko skeleton (D:7)
  A leopard gecko zombie (D:5)
  A quokka skeleton (D:7)
  10 rats
193 creatures vanquished.

Vanquished Creatures (others)
  A plant (D:9)
1 creature vanquished.

Grand Total: 194 creatures vanquished

Notes
Turn   | Place    | Note
-------+----------+-------------------------------------------
     0 | D:1      | ZorbaTHut the Troll Berserker began the quest for the Orb.
     0 | D:1      | Reached XP level 1. HP: 22/22 MP: 0/0
    98 | D:1      | Reached XP level 2. HP: 29/29 MP: 1/1
   340 | D:1      | Reached ** piety under Trog
   546 | D:2      | Noticed Jessica
   550 | D:2      | Killed Jessica
   550 | D:2      | Reached skill level 4 in Unarmed Combat
   550 | D:2      | Reached XP level 3. HP: 37/37 MP: 2/2
   671 | D:2      | Reached XP level 4. HP: 42/45 MP: 3/3
   738 | D:2      | Noticed Terence
   743 | D:2      | Killed Terence
  1142 | D:2      | Reached XP level 5. HP: 53/53 MP: 4/4
  1343 | D:3      | Reached skill level 5 in Unarmed Combat
  1508 | D:3      | Reached *** piety under Trog
  1734 | D:3      | Found a transporter.
  1735 | D:3      | Found a transporter.
  1735 | D:3      | Noticed highc0's ghost (amateur HuWn)
  1755 | D:3      | Killed highc0's ghost
  1755 | D:3      | Reached skill level 6 in Unarmed Combat
  1755 | D:3      | Reached XP level 6. HP: 62/62 MP: 5/5
  2313 | D:4      | Found a stormy altar of Qazlal.
  2313 | D:4      | Found a burning altar of Makhleb.
  2561 | D:4      | Reached XP level 7. HP: 70/70 MP: 6/6
  2864 | D:5      | Entered Level 5 of the Dungeon
  2903 | D:5      | Noticed Blork the orc
  2915 | D:5      | Killed Blork the orc
  2915 | D:5      | Reached skill level 7 in Unarmed Combat
  3094 | D:5      | Noticed Eustachio
  3099 | D:5      | Killed Eustachio
  3167 | D:5      | Reached skill level 5 in Fighting
  3167 | D:5      | Reached skill level 8 in Unarmed Combat
  3169 | D:5      | Reached XP level 8. HP: 58/80 MP: 7/7
  3904 | D:6      | Found a basalt altar of Yredelemnul.
  3912 | D:6      | Reached **** piety under Trog
  4025 | D:6      | Found a staircase to the Ecumenical Temple.
  4114 | Temple   | Entered the Ecumenical Temple
  4449 | D:6      | Reached skill level 9 in Unarmed Combat
  4892 | D:7      | Found an iron altar of Okawaru.
  4892 | D:7      | Noticed a hippogriff
  4905 | D:7      | Killed a hippogriff
  5045 | D:7      | Reached skill level 10 in Unarmed Combat
  5099 | D:7      | Reached XP level 9. HP: 89/89 MP: 8/8
  5104 | D:7      | Found a shadowy altar of Dithmenos.
  5324 | D:7      | Reached skill level 1 in Throwing
  5988 | D:8      | Found an opulent altar of Gozag.
  5993 | D:8      | Found a hide-covered altar of Uskayaw.
  6152 | D:8      | Found a snail-covered altar of Cheibriados.
  6229 | D:8      | Found a flagged portal.
  6237 | D:8      | Reached ***** piety under Trog
  6242 | Bailey   | Entered a bailey
  6242 | Bailey   | Noticed an orc knight
  6343 | D:8      | Reached skill level 11 in Unarmed Combat
  6938 | D:9      | Found a staircase to the Lair.
  6939 | D:9      | Noticed a komodo dragon
  6953 | D:9      | Killed a komodo dragon
  6953 | D:9      | Reached XP level 10. HP: 102/102 MP: 9/9
  7312 | D:9      | Found a runed door.
  7334 | D:9      | Found the +10 large shield of Ignorance {rN+ Int-4}
  7334 | D:9      | Noticed an orange crystal statue
  7334 | D:9      | Noticed an orange crystal statue
  7334 | D:9      | Noticed an orange crystal statue
  7334 | D:9      | Noticed an orange crystal statue
  7349 | D:9      | Found a runed door.
  7417 | D:9      | Slain by an enormous slime creature

Skill      XL: |  1  2  3  4  5  6  7  8  9 |
---------------+----------------------------+-----
Fighting       | 3 4 5 6 7 |  7.1
Unarmed Combat | 4 6 8 10 11 | 11.5
Throwing       | 3 |  3.6
Dodging        | 4 |  4.4

Action                   |  1- 3 |  4- 6 |  7- 9 | 10-12 || total
-------------------------+-------+-------+-------+-------++-------
Melee: Unarmed           |    61 |   167 |   251 |    43 ||   522
       Punch             |       |     1 |    13 |     1 ||    15
Invok: Berserk           |     1 |     2 |     7 |     1 ||    11
  Eat: Chunk             |    12 |    20 |    44 |     7 ||    83
Armor: Animal skin       |     6 |       |       |       ||     6
       Robe              |    18 |    68 |    82 |     4 ||   172
Dodge: Dodged            |    28 |    76 |   109 |    10 ||   223
